 Dungeon Crawl Stone Soup version 0.23.0 (webtiles) character file.

Game seed: 17116671669289610475

90784 lyphon1 the Warrior (level 15, -3/144 HPs)
             Began as a Minotaur Fighter on Feb 19, 2019.
             Was the Champion of the Shining One.
             Slain by a deep troll (9 damage)
             ... on level 15 of the Dungeon.
             The game lasted 01:01:00 (26332 turns).

lyphon1 the Warrior (Minotaur Fighter)             Turns: 26332, Time: 01:01:01

Health: -3/144     AC: 18    Str: 32      XL:     15   Next: 53%
Magic:  20/23      EV: 11    Int:  6 (7)  God:    the Shining One [******]
Gold:   1843       SH: 24    Dex:  8      Spells: 14/14 levels left

rFire    . . .     SeeInvis .   q - +8 whip "Snakebite" {curare, rPois}
rCold    + . .     Gourm    .   c - +0 shield
rNeg     + + +     Faith    .   V - +0 plate armour
rPois    +         Spirit   .   (helmet restricted)
rElec    .         Reflect  .   d - +0 cloak
rCorr    .         Harm     .   (no gloves)
MR       +....                  i - +0 pair of boots
Stlth    ..........             j - amulet of rage
HPRegen  0.34/turn              k - +5 ring of strength
MPRegen  0.18/turn              e - +3 ring of evasion

@: divine shield, berserk cooldown, slowed, glowing, very slow
A: retaliatory headbutt, claws 1, horns 2, clever 1, clumsy 1, cold resistance 1
a: Divine Shield, Cleansing Flame, Summon Divine Warrior, Brand Weapon With Holy
Wrath, Renounce Religion, Evoke Berserk Rage


You were on level 15 of the Dungeon.
You worshipped the Shining One.
The Shining One was exalted by your worship.
You were not hungry.

You visited 4 branches of the dungeon, and saw 23 of its levels.

You collected 1843 gold pieces.

Inventory:

Hand Weapons
 q - the +8 whip "Snakebite" (weapon) {curare, rPois}
   (You found it on level 1 of the Lair of Beasts)

   It poisons the flesh of those it strikes.
   It protects you from poison.
Armour
 c - a +0 shield (worn)
 d - a +0 cloak (worn)
 i - a +0 pair of boots (worn)
 V - a +0 plate armour (worn)
Jewellery
 e - a +3 ring of evasion (right claw)
 j - an amulet of rage (around neck)
 k - a +5 ring of strength (left claw)
 E - an uncursed ring of resist corrosion
 G - an uncursed ring of protection from magic
 M - an uncursed amulet of regeneration
 U - a +2 ring of protection
 Y - an uncursed ring of protection from fire
Wands
 m - a wand of enslavement (10)
 p - a wand of scattershot (8)
 y - a wand of flame (50)
 B - a wand of digging (5)
 J - a wand of paralysis (23)
 K - a wand of acid (36)
 O - a wand of iceblast (11)
Scrolls
 b - 2 scrolls of torment {unknown}
 g - 4 scrolls of identify
 h - 2 scrolls of enchant armour {unknown}
 l - 4 scrolls of blinking
 n - 2 scrolls of immolation {unknown}
 o - 4 scrolls of magic mapping
 r - a scroll of fog
 u - 9 scrolls of teleportation
 x - 9 scrolls of remove curse
 H - 6 scrolls of amnesia
 L - a scroll of acquirement {unknown}
 R - a scroll of enchant weapon {unknown}
 S - a scroll of noise {unknown}
 W - 2 scrolls of vulnerability {unknown}
 X - a scroll of holy word {unknown}
Potions
 a - a potion of invisibility {unknown}
 s - 2 potions of ambrosia
 t - 3 potions of flight
 v - a potion of cancellation {unknown}
 w - 8 potions of curing
 z - 5 potions of haste
 D - 2 potions of lignification {unknown}
 I - 2 potions of resistance {unknown}
 N - a potion of might
 P - 3 potions of agility {unknown}
 Q - 6 potions of degeneration {unknown}
 T - 3 potions of magic {unknown}
 Z - 4 potions of berserk rage {unknown}
Comestibles
 f - 29 rations
 A - a chunk of flesh


   Skills:
 * Level 16.3 Fighting
 * Level 16.1 Maces & Flails
 + Level 12.2 Armour
 + Level 12.3 Shields
 * Level 12.7 Invocations
 - Level 6.0 Evocations


You had 14 spell levels left.
You didn't know any spells.
Your spell library contained the following spells:

 Spells                   Type           Power        Failure   Level  Hunger
 Corona                   Hex            #......      99%         1    ##.....
 Summon Small Mammal      Summ           #...         99%         1    ##.....
 Call Imp                 Summ           #.......     99%         2    ###....
 Ensorcelled Hibernation  Hex/Ice        #.....       99%         2    ###....
 Call Canine Familiar     Summ           #.......     100%        3    ####...
 Confuse                  Hex            #.......     100%        3    ####...
 Dazzling Spray           Conj/Hex       #.....       100%        3    ####...
 Summon Guardian Golem    Hex/Summ       #.......     100%        3    ####...
 Tukima's Dance           Hex            #.......     100%        3    ####...
 Summon Ice Beast         Ice/Summ       #.......     100%        4    #####..
 Summon Lightning Spire   Summ/Air       #.......     100%        4    #####..
 Bolt of Magma            Conj/Fire/Erth #.........   100%        5    ######.
 Irradiate                Conj/Tmut      #.........   100%        5    ######.
 Iskenderun's Battlesphe  Conj/Chrm      #.......     100%        5    ######.
 Venom Bolt               Conj/Pois      #.........   100%        5    ######.
 Hydra Form               Tmut           #.........   100%        6    #######
 Iron Shot                Conj/Erth      #.........   100%        6    #######
 Statue Form              Tmut/Erth      #........    100%        6    #######
 Dragon Form              Tmut           #.........   100%        7    #######
 Orb of Destruction       Conj           #.........   100%        7    #######
 Spellforged Servitor     Conj/Summ      #.........   100%        7    #######


Dungeon Overview and Level Annotations

Branches:
Dungeon (15/15)            Temple (1/1) D:5            Lair (6/6) D:9
 Shoals (0/4) Lair:2       Spider (0/4) Lair:2        Slime (0/5) Lair:5
    Orc (0/2) D:10         Vaults (0/5) D:13         Depths (1/5) D:15

Altars:
Ashenzari
Cheibriados
Dithmenos
Elyvilon
Fedhas
Gozag
Hepliaklqana
Kikubaaqudgha
Makhleb
Nemelex Xobeh
Okawaru
Qazlal
Ru
Sif Muna
Trog
Uskayaw
Vehumet
Wu Jian
Xom
Yredelemnul
Zin
The Shining One
Lugonu

Shops:
D:8 *

Annotations:
D:7 1 runed translucent door, yrara's ghost, novice DsFi
D:10 3 runed translucent doors, Okhaekh's ghost, novice FoEE
D:11 3 runed translucent doors, Delanovic's ghost, journeyman HaFi; GotenAND's ghost, journeyman DDFi; Mamah's ghost, journeyman TrMo
D:13 Sonja
D:15 3 runed translucent doors


Innate Abilities, Weirdness & Mutations

You reflexively headbutt those who attack you in melee.
You have a pair of horns on your head.
You have sharp fingernails.
Your mind is acute. (Int +2)
You are clumsy. (Dex -2)
Your flesh is cold resistant. (rC+)


Message History

There is a staircase back to the Dungeon here.
The deep troll bites you. The deep troll claws you.
* * * LOW HITPOINT WARNING * * *
You block the deep troll's attack. You block the ettin's attack.
The ettin hits you with a +2 dire flail of draining!!
* * * LOW HITPOINT WARNING * * *
The deep troll bites you but does no damage.
The deep troll barely misses you. x2; The ettin barely misses you. x2
You climb upwards.
Welcome back to the Dungeon!
Level annotation: 3 runed translucent doors
There is a staircase to the Depths here.
Your shield is strengthened by the Shining One's divine power.
You feel slightly more hungry. You block the deep troll's attack. x2
The deep troll completely misses you. You block the ettin's attack.
The ettin hits you with a +2 dire flail of draining!!
The Shining One protects you from harm! You block the deep troll's attack.
The deep troll claws you.
* * * LOW HITPOINT WARNING * * *
You block the deep troll's attack. x2; The deep troll claws you!
You die...

#####...#.#..#....###.##.##..#.#
# ###..................#.##..#.#
# #.........########..##.##..#.#
######..#.###.....##.........#.#
..........##.......##.##.##..#.##
######(.#.#..#####..#...........#
.(((((..#)#..#...#[.#.##.#...#.##
.#####..#))..#.>T'..#.##.#...#.#
.# #..#.#..#.C@#..#.##.#...#.# .#
##.#.#..#####..#....(.....# .##
#.#.##.......##.##.#.....# ..#
#.#..##.....###.##.#.....##
#.#####.##..#######.#.##.#.._...#
#...............................#
##.......##.#####.#.#.##.#......#
.#..........................#####
.##...............#.#.##.#.######


You could see an ettin and a deep troll.

Vanquished Creatures
  Rupert (D:14)
  A fire giant (Depths:1)
  A fire dragon (Lair:6)
  Erolcha (D:9)
  A vault guard (D:13)
  Harold (D:9)
  5 hydras
  6 two-headed ogres
  Erica (D:9)
  5 centaur warriors
  2 death knights
  3 tengu warriors
  A deep troll shaman (Depths:1)
  A deep troll earth mage (Depths:1)
  A sun demon (D:13)
  A fire crab (Lair:6)
  A wizard (D:15)
  An orange crystal statue (D:15)
  A wolf spider zombie (D:15)
  A lindwurm (Lair:6)
  A necromancer (D:15)
  2 manticores
  2 orc sorcerers (D:15)
  5 oklob plants
  5 ugly things
  A deep elf mage (D:15)
  A cyclops (D:12)
  A guardian serpent (shapeshifter) (D:13)
  28 elephants
  9 black mambas
  11 spiny frogs
  3 molten gargoyles (Lair:6)
  A naga mage (D:15)
  A gargoyle (D:12)
  A kobold demonologist (D:13)
  3 rime drakes
  13 komodo dragons
  2 efreet
  3 freezing wraiths (D:11)
  A redback zombie (D:13)
  An ice devil (D:13)
  2 polar bears
  4 hornets
  8 trolls
  3 jumping spiders (Lair:2)
  A meliai (shapeshifter) (D:14)
  11 hippogriffs
  7 dream sheep (Lair:6)
  2 centaur simulacra (D:15)
  2 shadows (D:15)
  61 yaks
  A redback (Lair:2)
  4 wyverns
  3 water elementals (D:15)
  3 hungry ghosts
  6 basilisks
  8 vampire mosquitoes
  Grum (D:8)
  A steam dragon (D:13)
  5 hell hounds (Lair:6)
  A soldier ant (D:14)
  An acid dragon (D:14)
  6 porcupines
  13 water moccasins
  6 orc warriors
  3 sky beasts
  5 ice beasts
  5 phantoms
  A necrophage (D:6)
  11 ogres
  A hornet zombie (D:12)
  17 wolves
  14 centaurs
  13 crocodiles
  7 big kobolds
  Blork the orc (D:6)
  6 gnoll sergeants (D:10)
  21 bullfrogs
  A wyvern zombie (D:10)
  5 scorpions
  3 wights (D:13)
  2 howler monkeys
  4 electric eels
  7 crimson imps
  5 centaur zombies
  4 lava snakes (Lair:6)
  5 centaur skeletons
  9 hounds
  5 orc priests
  2 jellies
  3 bullfrog skeletons
  5 iguanas
  Natasha (thrice) (D:2)
  15 orc wizards
  9 worker ants
  A killer bee zombie (D:8)
  3 hound skeletons
  2 worker ant zombies
  8 gnolls
  12 adders
  4 shadow imps
  4 white imps (D:13)
  2 oozes
  2 worms (D:3)
  An adder skeleton (D:9)
  A dart slug (D:3)
  9 leopard geckos
  45 orcs
  3 ball pythons
  6 bats
  5 giant cockroaches
  6 goblins
  11 hobgoblins
  24 jackals
  5 quokkas
  6 frilled lizards
  A giant cockroach zombie (D:5)
  31 kobolds
  2 quokka skeletons
  8 rats
  A fungus (Lair:2)
  2 plants
688 creatures vanquished.

Vanquished Creatures (collateral kills)
  A komodo dragon (Lair:4)
  A rime drake (Lair:4)
2 creatures vanquished.

Vanquished Creatures (others)
  A bullfrog (D:6)
  A bush (Lair:6)
  19 fungi
  13 plants
  4 withered plants (D:11)
38 creatures vanquished.

Grand Total: 728 creatures vanquished

Notes
Turn   | Place    | Note
-------+----------+-------------------------------------------
     0 | D:1      | lyphon1 the Minotaur Fighter began the quest for the Orb.
     0 | D:1      | Reached XP level 1. HP: 19/19 MP: 0/0
   180 | D:1      | Reached XP level 2. HP: 25/27 MP: 1/1
   767 | D:1      | Reached XP level 3. HP: 33/33 MP: 2/2
   907 | D:2      | Noticed Natasha
   912 | D:2      | Killed Natasha
   958 | D:2      | Noticed Natasha
   968 | D:2      | Killed Natasha
   968 | D:2      | Reached XP level 4. HP: 6/41 MP: 3/3
   974 | D:2      | Noticed Natasha
   977 | D:2      | Gained mutation: Your flesh is cold resistant. (rC+)
                  | [potion of mutation]
   977 | D:2      | Gained mutation: Your mind is acute. (Int +2) [potion of
                  | mutation]
   977 | D:2      | Gained mutation: You are clumsy. (Dex -2) [potion of
                  | mutation]
   977 | D:2      | Gained mutation: You have sharp fingernails. [potion of
                  | mutation]
   982 | D:2      | Killed Natasha
  1368 | D:2      | Found a bloodstained altar of Trog.
  1368 | D:2      | Found an ancient bone altar of Kikubaaqudgha.
  1368 | D:2      | Found a blossoming altar of Fedhas.
  1739 | D:3      | Reached skill level 5 in Fighting
  1739 | D:3      | Reached XP level 5. HP: 28/48 MP: 4/4
  1958 | D:3      | Noticed a centaur
  1964 | D:3      | Killed a centaur
  2076 | D:3      | Found a hazy altar of Hepliaklqana.
  2091 | D:3      | Found a shattered altar of Ashenzari.
  2181 | D:3      | Reached XP level 6. HP: 55/56 MP: 5/5
  2186 | D:3      | Found a burning altar of Makhleb.
  2188 | D:3      | Found a glowing silver altar of Zin.
  2188 | D:3      | Noticed an angel
  2189 | D:3      | Noticed a green death
  3130 | D:4      | Reached skill level 5 in Maces & Flails
  3130 | D:4      | Reached skill level 5 in Shields
  3324 | D:4      | Reached skill level 5 in Armour
  3784 | D:5      | Entered Level 5 of the Dungeon
  3799 | D:5      | Found a sacrificial altar of Ru.
  3803 | D:5      | Reached XP level 7. HP: 63/63 MP: 6/6
  3925 | D:5      | Found a snail-covered altar of Cheibriados.
  4047 | D:5      | Found a staircase to the Ecumenical Temple.
  4075 | Temple   | Entered the Ecumenical Temple
  4104 | Temple   | Became a worshipper of the Shining One
  4965 | D:6      | Noticed Blork the orc
  4982 | D:6      | Killed Blork the orc
  4982 | D:6      | Reached XP level 8. HP: 45/73 MP: 7/7
  5306 | D:6      | Found a radiant altar of Vehumet.
  5353 | D:6      | Found a shadowy altar of Dithmenos.
  5508 | D:7      | Found a hide-covered altar of Uskayaw.
  5543 | D:7      | Reached * piety under the Shining One
  5672 | D:7      | Noticed yrara's ghost (novice DsFi)
  5675 | D:7      | Found a runed translucent door.
  5833 | D:7      | Found a sparkling altar of Nemelex Xobeh.
  5896 | D:7      | Reached skill level 1 in Invocations
  5998 | D:7      | Found an opulent altar of Gozag.
  6045 | D:7      | Noticed a hornet
  6049 | D:7      | Paralysed by a hornet for 1 turns
  6056 | D:7      | Killed a hornet
  6056 | D:7      | Reached skill level 1 in Evocations
  6588 | D:8      | Found an ancient bone altar of Kikubaaqudgha.
  6588 | D:8      | Found Ymigoh's Sacrilege Store.
  6598 | D:8      | Reached XP level 9. HP: 76/82 MP: 9/9
  6915 | D:8      | Reached ** piety under the Shining One
  6915 | D:8      | Noticed Grum
  7356 | D:8      | Killed Grum
  7474 | D:9      | Noticed Erolcha
  7491 | D:9      | Killed Erolcha
  7491 | D:9      | Reached XP level 10. HP: 81/93 MP: 12/12
  7545 | D:9      | Noticed Erica
  7551 | D:9      | Killed Erica
  7551 | D:9      | Reached skill level 10 in Fighting
  7551 | D:9      | Reached skill level 5 in Invocations
  7714 | D:9      | Noticed Harold
  7728 | D:9      | Killed Harold
  7728 | D:9      | Reached skill level 10 in Maces & Flails
  7733 | D:9      | Noticed an elephant
  8060 | D:9      | Killed an elephant
  8308 | D:9      | Noticed a two-headed ogre
  8319 | D:9      | Killed a two-headed ogre
  8386 | D:9      | Found a shimmering altar of Xom.
  8457 | D:9      | Found a staircase to the Lair.
  8529 | D:9      | Noticed a two-headed ogre
  8540 | D:9      | Killed a two-headed ogre
  8540 | D:9      | Reached XP level 11. HP: 72/102 MP: 14/14
  8886 | D:10     | Entered Level 10 of the Dungeon
  8968 | D:10     | Reached *** piety under the Shining One
  9660 | D:10     | Found a runed translucent gate.
  9660 | D:10     | Found a runed translucent gate.
  9660 | D:10     | Found a runed translucent gate.
  9688 | D:10     | Noticed Okhaekh's ghost (novice FoEE)
  9743 | D:10     | Found a staircase to the Orcish Mines.
 10785 | D:11     | Noticed a death knight
 11665 | D:11     | Noticed a two-headed ogre
 11674 | D:11     | Killed a two-headed ogre
 11851 | D:11     | Found a runed translucent gate.
 11851 | D:11     | Found a runed translucent gate.
 11851 | D:11     | Found a runed translucent gate.
 11856 | D:11     | Noticed GotenAND's ghost (journeyman DDFi)
 11856 | D:11     | Reached **** piety under the Shining One
 11856 | D:11     | Noticed Mamah's ghost (journeyman TrMo)
 11856 | D:11     | Noticed Delanovic's ghost (journeyman HaFi)
 12047 | D:11     | Killed a death knight
 12328 | D:12     | Noticed a centaur warrior
 12337 | D:11     | Killed a centaur warrior
 12337 | D:11     | Reached skill level 5 in Evocations
 12475 | D:12     | Reached XP level 12. HP: 107/112 MP: 16/16
 12498 | D:12     | Noticed a tengu warrior
 12520 | D:12     | Killed a tengu warrior
 12871 | D:12     | Found a sacrificial altar of Ru.
 12882 | D:12     | Noticed a death knight
 12897 | D:12     | Killed a death knight
 13701 | D:13     | Reached ***** piety under the Shining One
 13770 | D:13     | Noticed Sonja
 13840 | D:13     | Noticed a centaur warrior
 13845 | D:13     | Noticed a vault guard
 13846 | D:13     | Killed a centaur warrior
 13856 | D:13     | Killed a vault guard
 13867 | D:13     | Found a gate to the Vaults.
 14218 | D:13     | Reached skill level 10 in Shields
 14227 | D:13     | Noticed a centaur warrior
 14234 | D:13     | Killed a centaur warrior
 14832 | D:13     | Noticed a centaur warrior
 14843 | D:13     | Killed a centaur warrior
 14843 | D:13     | Reached skill level 10 in Armour
 14885 | D:13     | Reached XP level 13. HP: 97/122 MP: 19/19
 15725 | Lair:1   | Entered Level 1 of the Lair of Beasts
 15889 | Lair:1   | Reached skill level 10 in Invocations
 16207 | Lair:1   | Found the +8 whip "Snakebite" {curare, rPois}
 17063 | Lair:2   | Found a staircase to the Shoals.
 17145 | Lair:2   | Found a hole to the Spider Nest.
 17838 | Lair:3   | Found a glowing golden altar of the Shining One.
 17933 | Lair:3   | Reached ****** piety under the Shining One
 19091 | Lair:4   | Reached XP level 14. HP: 109/133 MP: 21/21
 19849 | Lair:5   | Found a staircase to the Slime Pits.
 20444 | Lair:5   | Reached skill level 15 in Fighting
 20808 | Lair:6   | Entered Level 6 of the Lair of Beasts
 20865 | Lair:6   | Reached skill level 15 in Maces & Flails
 21446 | Lair:6   | Found a white marble altar of Elyvilon.
 23027 | Lair:6   | Reached XP level 15. HP: 50/143 MP: 19/23
 23313 | Lair:6   | Found a large runed translucent door.
 23314 | Lair:6   | Found a large runed translucent door.
 24669 | D:14     | Noticed Rupert
 24681 | D:14     | Killed Rupert
 25097 | D:15     | Entered Level 15 of the Dungeon
 25119 | D:15     | Found a runed translucent door.
 25153 | D:15     | Found a runed translucent door.
 25174 | D:15     | Found a runed translucent door.
 25185 | D:15     | Found a runed translucent door.
 25878 | D:15     | Found a shimmering altar of Xom.
 25889 | D:15     | Found a blossoming altar of Fedhas.
 26007 | D:15     | Found a staircase to the Depths.
 26292 | Depths:1 | Entered Level 1 of the Depths
 26292 | Depths:1 | Noticed a fire giant
 26302 | Depths:1 | Killed a fire giant
 26329 | Depths:1 | HP: 7/144 [ettin/+0 dire flail (33)]
 26331 | D:15     | The Shining One protects you from harm!
 26332 | D:15     | Slain by a deep troll

Skill      XL: |  1  2  3  4  5  6  7  8  9 10 11 12 13 14 15 |
---------------+----------------------------------------------+-----
Maces & Flails | 3 4 5 6 8 9 10 11 13 14 15 16 | 16.1
Fighting       | 4 5 6 7 8 9 11 12 13 14 15 16 | 16.3
Armour         | 4 5 6 7 8 9 10 11 12 | 12.2
Shields        | 4 5 6 7 8 9 10 11 12 | 12.3
Invocations    | 2 4 6 7 9 10 12 | 12.7
Evocations     | 1 3 4 5 6 |  6.0

Action                   |  1- 3 |  4- 6 |  7- 9 | 10-12 | 13-15 || total
-------------------------+-------+-------+-------+-------+-------++-------
Melee: Flail             |    82 |   202 |   200 |       |       ||   484
       Headbutt          |    10 |    25 |    59 |   176 |   322 ||   592
       Unarmed           |       |       |    21 |       |       ||    21
       Mace              |       |       |    91 |   718 |   179 ||   988
       Whip              |       |       |       |       |   993 ||   993
Invok: Divine Shield     |       |       |       |     2 |     3 ||     5
       Cleansing Flame   |       |       |       |     3 |     6 ||     9
       Summon Divine War |       |       |       |       |     1 ||     1
 Abil: Evoke Berserk Rag |       |       |     1 |    13 |     4 ||    18
Evoke: Wand              |       |       |       |       |    18 ||    18
  Use: Scroll            |     1 |       |     6 |     5 |     9 ||    21
       Potion            |       |     3 |     2 |       |     5 ||    10
  Eat: Ration            |       |     2 |     1 |     4 |     5 ||    12
       Chunk             |       |     2 |    10 |    29 |    24 ||    65
Armor: Scale mail        |    36 |       |       |       |       ||    36
       Chain mail        |    14 |   108 |   173 |   317 |       ||   612
       Skin              |       |       |     4 |       |       ||     4
       Plate armour      |       |       |       |     9 |   401 ||   410
Dodge: Dodged            |    26 |    49 |    98 |   187 |   249 ||   609
Block: Shield            |    45 |    97 |   205 |   462 |   567 ||  1376
